Unix NetHack Version 3.7.0-88 Work-in-progress - last build Aug 21 2023 04:08:40 (b68ccb3e4f8f5dcb83e1e40b1ff56e7dffd4cd28,branch:master). Game began 2023-08-21 18:45:10, ended 2023-08-21 20:17:57. McPanther, neutral male human Monk ----- |.`.| ------ |$$$| .....| |$$$| |....| +$$$| #### |....| |$$..#######J# |....| -+---# @ |....| ) 1 |....| % -.---- # # ### 1 1 # # # # # # ## # #%# ####%### ### #---.--+- #|....{.| #.......| -------- McPanther the Initiate St:16 Dx:14 Co:15 In:11 Wi:17 Ch:9 Neutral S:11577 Dlvl:8 $:0 HP:0(44) Pw:54(61) AC:3 Xp:8/1948 T:7617 Hungry Latest messages: What do you want to fire? [- tT or ?*] Count: 8 Never mind. What do you want to throw? [tET or ?*] In what direction? You throw 2 shuriken. The shuriken slips as you throw it! The 1st shuriken misses. The 2nd shuriken hits it. What do you want to throw? [tET or ?*] In what direction? You throw 2 shuriken. The 1st shuriken hits it. The 2nd shuriken hits it. You kill it! t - a cursed shuriken (6 in total). c - an uncursed shuriken (at the ready). You see here a lizard corpse. t - a cursed shuriken (7 in total). You see here a baby crocodile corpse. You see here a lizard corpse. What do you want to wield? [- ctwERT or ?*] You are already bare handed. You kill the bat! You see here an owlbear corpse. You see here an owlbear corpse. You see here a lizard corpse. You see here a baby crocodile corpse. What do you want to throw? [ctET or ?*] In what direction? You throw 2 shuriken. The 1st shuriken hits it. The 2nd shuriken misses. What do you want to throw? [ctET or ?*] In what direction? The shuriken slips as you throw it! You hit the ettin zombie! What do you want to wield? [- ctwERT or ?*] You are already bare handed. You hit the ettin zombie! You destroy the ettin zombie! You see here an ettin corpse. The jabberwock bites! The jabberwock bites again! The jabberwock hits! The jabberwock hits again! You die... Do you want your possessions identified? [ynq] (y) Do you want to see your attributes? [ynq] (y) Do you want an account of creatures vanquished? [ynaq] (y) Inventory: Weapons E - 10 +0 silver arrows c - a +0 shuriken (at the ready) t - 4 cursed +0 shuriken T - a cursed -2 shuriken Armor V - an uncursed +0 dwarvish iron helm (being worn) b - a blessed +3 robe (being worn) Scrolls Q - an uncursed scroll of magic mapping s - 2 uncursed scrolls of teleportation Rings Z - an uncursed ring of shock resistance (on right hand) Wands S - a wand of digging (0:5) l - a wand of light (0:13) C - a wand of polymorph (0:0) J - a wand of undead turning (0:8) X - a wand of undead turning (0:4) Tools A - an uncursed bag of holding containing 22 items h - a magic marker (0:0) x - an uncursed magic whistle w - a +0 pick-axe I - 3 uncursed tallow candles N - an uncursed towel R - a +0 unicorn horn Contents of the bag of holding: 3365 gold pieces 5 uncursed scrolls of blank paper a cursed scroll of enchant weapon an uncursed scroll of food detection a blessed scroll of gold detection an uncursed scroll of light 3 uncursed scrolls of light an uncursed scroll of magic mapping a cursed scroll of remove curse a blessed spellbook of magic mapping a cursed potion of blindness an uncursed potion of booze an uncursed potion of confusion an uncursed potion of enlightenment an uncursed potion of full healing a potion of holy water an uncursed potion of water an uncursed amber stone an uncursed obsidian stone an uncursed topaz stone 2 uncursed worthless pieces of white glass an uncursed worthless piece of yellow glass McPanther the Monk's attributes: Background: You were an Initiate, a level 8 male human Monk. You were neutral, on a mission for Chih Sung-tzu who was opposed by Shan Lai Ching (lawful) and Huan Ti (chaotic). You were in the Dungeons of Doom, on level 8. You entered the dungeon 7617 turns ago. You had 1948 experience points, 612 more were needed to attain level 9. Your score was 11577 before end-of-game adjustments. Basics: You had 0 out of 44 hit points. You had 54 out of 61 energy points (spell power). Your armor class was 3. Your wallet was empty, but you had 3365 zorkmids stashed away in your pack. Autopickup was on for '$"?!=/' plus thrown, with exceptions. Final Characteristics: Your strength was 16 (limit:18/100). Your dexterity was 14 (limit:18). Your constitution was 15 (limit:18). Your intelligence was 11 (limit:18). Your wisdom was 17 (limit:18). Your charisma was 9 (limit:18). Final Status: You were hungry. You were unencumbered. You were bare handed. You had expert skill with martial arts. Final Attributes: You were piously aligned. You were sleep resistant. You were shock resistant. Your items were protected from electric shocks. You were poison resistant. You saw invisible. You were warned. You were stealthy. You were guarded. You were fast. You are dead (2nd time!). Miscellaneous: You encountered 1 bones level. Total elapsed playing time was 1 hour, 32 minutes and 44 seconds. Major events: Turn 1: McPanther the neutral male human Monk entered the dungeon 927: read a Discworld novel 927: attained the rank of Novice (level 3) 3076: attained the rank of Initiate (level 6) 3767: averted death (killed by a kobold lady) 4460: entered the Gnomish Mines 4854: destroyed samiam's ghost, the former Lookout 5099: reached Mine Town 5697: was bestowed with Cleaver by Chih Sung-tzu 7617: killed by a jabberwock Vanquished creatures: a ghost 5 small mimics a tengu an ettin zombie a Grey-elf a crocodile a wolf a leprechaun a giant spider an owlbear a werewolf a lizard a housecat a jaguar a dwarf leader a black unicorn a raven 2 human zombies a bugbear an imp a water nymph a mountain nymph 2 rock piercers a rock mole a pony a fog cloud a shrieker 4 gnome leaders 3 gnomish wizards a paper golem a baby crocodile 6 giant ants a little dog 3 floating eyes a kitten 9 dwarves a homunculus 2 kobold leaders a kobold shaman 8 hill orcs 4 rothes a rabid rat a centipede 2 orc zombies 2 werejackals 3 iguanas an acid blob 4 coyotes 2 large kobolds 2 hobgoblins 3 giant rats 2 cave spiders 2 brown molds 3 yellow molds 3 green molds 22 gnomes 5 garter snakes a gnome zombie 7 geckos 9 jackals a fox 2 kobolds 4 goblins 3 sewer rats 8 grid bugs a bat 4 lichens 4 kobold zombies 10 newts 190 creatures vanquished. No species were genocided or became extinct. Voluntary challenges: You were vegetarian. You read items or engraved 32 times. You engraved Elbereth 1 time. You never genocided any monsters. You never changed form. You used no wishes. Achievements: You entered a shop. You read from a Discworld novel. You attained the rank of Novice. You attained the rank of Initiate. You entered the Gnomish Mines. You entered Minetown. You entered a temple. The Dungeons of Doom: levels 1 to 8 Level 1: Level 2: "Ad Aerarium" Some fountains. Stairs down to The Gnomish Mines. Level 3: A scroll shop, an altar to Chih Sung-tzu, a fountain. Level 4: A jewelers, an altar to Chih Sung-tzu, a grave. Level 5: A general store, a grave. Level 6: A general store, a fountain. Level 7: Many fountains. Oracle of Delphi. Level 8: <- You were here. A fountain. Final resting place for you, killed by a jabberwock. The Gnomish Mines: levels 3 to 7 Level 3: A grave. Final resting place for samiam-Ran-Hum-Mal-Neu, killed by a giant ant. Level 4: Level 5: Level 6: Many shops, a temple, some fountains. Level 7: Game over: ---------- / \ / REST \ / IN \ / PEACE \ / \ | McPanther | | 3365 Au | | killed by a | | jabberwock | | | | | | 2023 | *| * * * | * _________)/\\_//(\/(/\)/\//\/|_)_______ Goodbye McPanther the Monk... You died in The Dungeons of Doom on dungeon level 8 with 11241 points, and 3365 pieces of gold, after 7617 moves. You were level 8 with a maximum of 44 hit points when you died.